AoeStats
← NPG | CanuTo SionisTa

African Clearing

511028323Analyzed
4v4 RM · 10h ago on Oct 3, 2026· 71m 54s· 8 players
Game mode
Random Map
Map size
Large (8 player)
Population
200
Speed
Normal
Resources
Standard
Victory
Conquest
Starting age
Dark Age
Ending age
Imperial Age
RankedLock teamsTeams togetherTeam positionsShared explorationLock speedFull tech treeHidden civsTurbo modeCheats
Victory
Defeat
🇨🇱 Koreans · Chile
1369
+9
🇨🇱 Khmer · Chile
1298
+12
🇵🇾 Vietnamese · Paraguay
1232
+15
998
+24
🇨🇳 Goths · China
1259
-17
🇩🇪 Persians · Germany
1235
-16
🇳🇴 Huns · Norway
1222
-16
🇨🇳 Spanish · China
1095
-11
NPG | CanuTo SionisTa
9:34 Loom
11:44 Feudal Age
12:28 Town Watch
12:33 Double-Bit Axe
23:48 Castle Age
23:32 Stone Mining
23:36 Gold Mining
24:15 Scale Barding Armor
24:20 Forging
24:52 Bow Saw
24:23 Horse Collar
25:25 Stone Shaft Mining
26:25 Chain Barding Armor
26:41 Bloodlines
36:07 Wheelbarrow
39:00 Husbandry
41:40 Gold Shaft Mining
44:38 Imperial Age
42:40 Hand Cart
44:43 Elite Battle Elephant
46:29 Conscription
46:12 Tusk Swords
47:46 Plate Barding Armor
47:47 Iron Casting
49:30 Gold Shaft Mining
49:13 Light Cavalry
53:11 Blast Furnace
59:34 Chemistry
58:55 Ballistics
59:09 Padded Archer Armor
62:31 Heavy Plow
64:37 Leather Archer Armor
WolffJesu
11:56 Loom
13:42 Feudal Age
15:02 Double-Bit Axe
18:14 Castle Age
17:42 Gold Mining
18:00 Fletching
19:25 Bodkin Arrow
26:23 Husbandry
27:49 Scale Mail Armor
30:19 Wheelbarrow
29:30 Town Watch
29:49 Padded Archer Armor
31:20 Horse Collar
32:10 Thumb Ring
34:31 Chain Mail Armor
34:32 Bow Saw
34:33 Arson
36:48 Forging
36:28 Pikeman
37:08 Squires
40:24 Iron Casting
42:35 Imperial Age
42:58 Halberdier
45:24 Plate Mail Armor
48:53 Town Patrol
48:44 Capped Ram
51:03 Bloodlines
50:56 Bracer
51:21 Heavy Plow
52:23 Two-Man Saw
54:11 Chemistry
54:31 Elite Skirmisher
57:12 Leather Archer Armor
57:41 Hand Cart
58:54 Imperial Skirmisher
63:42 Stone Mining
64:45 Ballistics
64:18 Light Cavalry
65:33 Scale Barding Armor
65:59 Ring Archer Armor
66:00 Coinage
65:32 Caravan
67:46 Chain Barding Armor
70:41 Paper Money
71:10 Plate Barding Armor
72:00 Banking
伊格内修斯
8:49 Loom
11:52 Feudal Age
12:24 Double-Bit Axe
17:57 Fletching
24:22 Castle Age
24:27 Crossbowman
25:14 Thumb Ring
27:55 Bodkin Arrow
30:02 Wheelbarrow
30:39 Town Watch
32:18 Ballistics
47:58 Scale Mail Armor
48:47 Squires
50:51 Bow Saw
50:23 Horse Collar
53:28 Imperial Age
51:16 Hand Cart
53:22 Chain Mail Armor
54:34 Conscription
54:09 Elite Fire Lancer
57:31 Two-Man Saw
57:45 Arson
58:34 Guilds
58:57 Plate Mail Armor
59:42 Caravan
59:49 Bracer
60:55 Forging
60:52 Heavy Plow
62:37 Iron Casting
63:05 Chemistry
63:22 Arbalester
64:17 Elite Skirmisher
65:27 Gold Mining
65:28 Stone Mining
66:21 Shinkichon
66:17 Eupseong
66:43 Murder Holes
66:34 Arrowslits
66:31 Treadmill Crane
66:56 Imperial Skirmisher
67:20 Man-at-Arms
68:22 Masonry
68:23 Long Swordsman
69:17 Two-Handed Swordsman
69:46 Capped Ram
70:46 Champion
72:51 Architecture
72:27 Siege Engineers
NPG | NUNCAPUEDOGANAR
3:58 Loom
13:08 Feudal Age
15:00 Double-Bit Axe
17:50 Bloodlines
18:33 Gold Mining
20:47 Castle Age
20:56 Forging
24:02 Bloodlines
25:58 Scale Barding Armor
27:13 Husbandry
40:56 Iron Casting
40:42 Chain Barding Armor
42:58 Horse Collar
46:43 Wheelbarrow
69:23 Kamandaran
69:48 Ballistics
69:24 Murder Holes
70:02 Fletching
70:15 Padded Archer Armor
70:11 Crossbowman
72:18 Bodkin Arrow
72:33 Thumb Ring
murre69
2:55 Loom
11:48 Feudal Age
13:06 Double-Bit Axe
15:16 Bloodlines
17:35 Forging
21:46 Castle Age
20:19 Fletching
21:15 Stone Mining
21:16 Gold Mining
22:28 Padded Archer Armor
23:57 Husbandry
27:36 Bodkin Arrow
27:41 Town Watch
28:37 Leather Archer Armor
29:14 Elite Skirmisher
31:36 Ballistics
31:15 Light Cavalry
32:03 Thumb Ring
35:57 Squires
36:39 Scale Barding Armor
40:00 Horse Collar
40:34 Bow Saw
44:06 Imperial Age
44:11 Chain Barding Armor
44:27 Iron Casting
44:30 Wheelbarrow
44:21 Town Patrol
45:16 Bracer
46:56 Parthian Tactics
48:13 Chemistry
47:44 Cavalier
49:22 Hand Cart
56:32 Gold Mining
58:07 Heavy Plow
60:16 Gold Shaft Mining
60:26 Plate Barding Armor
60:53 Blast Furnace
62:19 Paladin
68:12 Hussar
夏威
4:08 Loom
13:40 Feudal Age
19:23 Castle Age
20:49 Double-Bit Axe
21:52 Wheelbarrow
21:39 Stone Mining
24:45 Stone Shaft Mining
24:04 Gambesons
23:44 Pikeman
Das Frettchen
9:49 Loom
14:07 Feudal Age
17:20 Castle Age
15:12 Double-Bit Axe
15:13 Horse Collar
18:29 Scale Barding Armor
19:41 Wheelbarrow
20:01 Bow Saw
19:55 Gold Mining
21:30 Husbandry
27:02 Heavy Plow
28:27 Chain Barding Armor
29:10 Forging
29:15 Bloodlines
29:45 Town Watch
31:05 Hand Cart
32:51 Iron Casting
39:49 Imperial Age
38:19 Fletching
40:42 Coinage
40:55 Crop Rotation
41:27 Two-Man Saw
39:58 Cavalier
41:15 Plate Barding Armor
40:23 Capped Ram
41:37 Stone Mining
42:22 Gold Shaft Mining
43:03 Blast Furnace
41:57 Light Cavalry
42:42 Hussar
44:32 Heavy Camel Rider
46:53 Town Patrol
47:15 Bodkin Arrow
46:50 Siege Ram
47:05 Savar
48:43 Masonry
48:28 Murder Holes
48:53 Ballistics
51:09 Architecture
51:40 Chemistry
51:07 Conscription
51:00 Citadels
51:08 Sappers
56:58 Siege Ram
58:15 Padded Archer Armor
58:10 Crossbowman
58:55 Thumb Ring
58:59 Kamandaran
Dio
11:47 Loom
14:07 Feudal Age
17:00 Man-at-Arms
26:05 Castle Age
24:05 Double-Bit Axe
30:15 Wheelbarrow
30:22 Anarchy
30:11 Horse Collar
30:51 Squires
32:36 Scale Mail Armor
32:48 Forging
36:21 Pikeman
37:57 Hand Cart
43:01 Heavy Plow
43:17 Bow Saw
42:55 Long Swordsman
48:45 Imperial Age
48:25 Iron Casting
48:05 Chain Mail Armor
49:18 Chain Mail Armor
51:11 Blast Furnace
50:59 Perfusion
51:20 Conscription
51:18 Gold Mining
52:24 Capped Ram
54:12 Halberdier
59:02 Two-Man Saw
58:36 Crop Rotation
64:14 Elite Skirmisher
64:46 Fletching
64:57 Padded Archer Armor
66:24 Bodkin Arrow
66:44 Leather Archer Armor
67:18 Two-Handed Swordsman
69:09 Chemistry
67:45 Champion
69:29 Bracer
Connection lost

Rejoining the realm…

Still unreachable

The connection could not be restored.

Session expired

The server has moved on; the page needs a fresh start.